 Dungeon Crawl Stone Soup version 0.22-a0-430-g6609fc6 (webtiles) character file.

21 FastMan the Ducker (level 2, -1/16 HPs)
             Began as a Spriggan Berserker on May 27, 2018.
             Slain by a worm (11 damage)
             ... on level 2 of the Dungeon.
             The game lasted 00:01:41 (2201 turns).

FastMan the Ducker (Spriggan Berserker)             Turns: 2201, Time: 00:01:41

Health: -1/16      AC:  2    Str: 13    XL:     2   Next: 62%
Magic:  3/3        EV: 20    Int:  8    God:
Gold:   68         SH:  0    Dex: 15    Spells: 1/1 levels left

rFire    . . .     SeeInvis +   a - +0 short sword
rCold    . . .     Gourm    .   (shield restricted)
rNeg     . . .     Faith    .   b - +0 animal skin
rPois    .         Spirit   .   (helmet restricted)
rElec    .         Reflect  .   (no cloak)
rCorr    .         Harm     .   (gloves unavailable)
MR       .....                  (boots unavailable)
Stlth    +.........             (no amulet)
HPRegen  0.05/turn              (no ring)
MPRegen  0.08/turn              (no ring)

@: very quick
A: very small, unfitting armour, see invisible, herbivore, speed 3, slow
metabolism 2
a: no special abilities


You were on level 2 of the Dungeon.
You were not hungry.

You visited 1 branch of the dungeon, and saw 2 of its levels.

You collected 68 gold pieces.

Inventory:

Hand Weapons
 a - a +0 short sword (weapon)
Missiles
 h - 16 sling bullets
 n - 18 stones (quivered)
Armour
 b - a +0 animal skin (worn)
Jewellery
 k - a cursed ring of loudness {unknown}
Scrolls
 d - 4 scrolls of identify {unknown}
 e - a scroll of fear {unknown}
 f - a scroll of enchant armour {unknown}
 i - 5 scrolls of remove curse {unknown}
 l - a scroll of enchant weapon {unknown}
 m - a scroll of teleportation {unknown}
Potions
 g - a potion of degeneration {unknown}
 j - 2 potions of brilliance {unknown}
 o - a potion of curing {unknown}
 p - a potion of ambrosia {unknown}
Comestibles
 c - 5 rations {@e1}


   Skills:
 + Level 2.7 Fighting
 + Level 3.7 Short Blades
 + Level 4.9 Dodging


You had one spell level left.
You didn't know any spells.
Your spell library was empty.

Dungeon Overview and Level Annotations

Branches:
Dungeon (2/15)

Altars:


Innate Abilities, Weirdness & Mutations

You are very small and have problems with some larger weapons.
You are too small for most types of armour.
You have supernaturally acute eyesight. (SInv)
You are a herbivore.
You cover ground extremely quickly.
You need to consume almost no food.


Message History

You barely miss the worm.
The worm is moderately wounded.
The worm closely misses you.
You barely miss the worm.
The worm is moderately wounded.
You hit the worm.
The worm is heavily wounded.
The worm barely misses you.
You hit the worm but do no damage.
The worm is moderately wounded.
You hit the worm but do no damage.
The worm is moderately wounded.
The worm bites you.
You hit the worm.
The worm is heavily wounded.
You barely miss the worm.
The worm is heavily wounded.
The worm bites you!
Ouch! That really hurt!
You die...

####### #.....#
#########.....#
#.............#
###############.#######.[...#
................@..####.....#
.###.....#####...w....###.###
..........w.<...##.##.#
#.#######
.###.###.#####.....#
#.......# .# #.# #.# #..##?#
#.#####.. .# #.# #.. .....
##.###.#### .# #.# ####
##.#.#. #........#### #<#
#.... ##.....).....# .###.#
###.## #.###.##.....


You could see a worm.

Vanquished Creatures
  A dart slug (D:2)
  A leopard gecko (D:1)
  A goblin (D:1)
  4 hobgoblins
  3 kobolds
  A ball python (D:2)
  3 bats
  4 rats
18 creatures vanquished.

Notes
Turn   | Place    | Note
-------+----------+-------------------------------------------
     0 | D:1      | FastMan the Spriggan Berserker began the quest for the Orb.
     0 | D:1      | Reached XP level 1. HP: 11/11 MP: 2/2
     0 | D:1      | Fell from the grace of Trog
   937 | D:1      | Reached XP level 2. HP: 16/16 MP: 3/3
  2201 | D:2      | Slain by a worm

Vault maps used:
D:1:      lightli_arrival_windingriver
D:2:      lightli_temple_of_fire, minmay_pentomino_p2, uniq_jessica

Action                   || total
-------------------------++-------
Melee: Short sword       ||    91
Invok: Renounce Religion ||     1
 Stab: Sleeping          ||     1
Armor: Animal skin       ||     6
Dodge: Dodged            ||    67

Table legend:
 A = Spawn XP
 B = Non-spawn XP
 C = Spawn XP percentage of total XP
 D = Spawn monster count
 E = Non-spawn monster count
 F = Spawn count percentage of total count
 G = Total turns spent on level
                    A         B        C        D         E        F      G
               +---------+---------+-------+---------+---------+-------+---------
         Total |       0 |      30 |   0.0 |       0 |      18 |   0.0 |  2201
               +---------+---------+-------+---------+---------+-------+---------
           D:1 |       0 |      20 |   0.0 |       0 |      12 |   0.0 |  1919
           D:2 |       0 |      10 |   0.0 |       0 |       6 |   0.0 |   282
               +---------+---------+-------+---------+---------+-------+---------
